AoeStats
← DS_Rodrixs

Arabian Desert

516474576Analyzed
1v1 RM · 11d ago on Oct 26, 2026· 51m 45s· 2 players
Game mode
Random Map
Map size
Tiny (2 player)
Population
200
Speed
Normal
Resources
Standard
Victory
Conquest
Starting age
Dark Age
Ending age
Imperial Age
RankedLock teamsTeams togetherTeam positionsShared explorationLock speedFull tech treeHidden civsTurbo modeCheats
Victory
Defeat
🇬🇧 Ethiopians · United Kingdom
2865
+6
vs
🇦🇷 Bohemians · Argentina
2598
-6
Oni.Lewis
6:42 Loom
8:44 Feudal Age
8:56 Man-at-Arms
9:34 Double-Bit Axe
13:12 Town Watch
14:05 Wheelbarrow
13:49 Fletching
21:31 Castle Age
21:32 Elite Skirmisher
22:41 Bodkin Arrow
24:05 Horse Collar
31:56 Bow Saw
32:54 Town Watch
34:25 Hand Cart
35:37 Padded Archer Armor
38:00 Gold Mining
41:20 Imperial Age
39:21 Ballistics
42:04 Bracer
43:05 Chemistry
44:15 Siege Engineers
48:49 Heavy Plow
49:42 Torsion Engines
DS_Rodrixs
5:10 Loom
5:59 Loom
8:38 Feudal Age
9:28 Double-Bit Axe
11:49 Fletching
19:37 Town Watch
22:58 Castle Age
21:10 Horse Collar
23:01 Elite Skirmisher
23:37 Bodkin Arrow
27:15 Fervor
29:33 Bow Saw
33:22 Chemistry
34:16 Wheelbarrow
38:15 Imperial Age
38:55 Hand Cart
39:03 Bracer
39:22 Padded Archer Armor
41:04 Ballistics
43:28 Wagenburg Tactics
43:43 Conscription
46:01 Houfnice
49:02 Siege Engineers
Connection lost

Rejoining the realm…

Still unreachable

The connection could not be restored.

Session expired

The server has moved on; the page needs a fresh start.